 Dungeon Crawl Stone Soup version 0.25-a0-566-g062765be81 (webtiles) character file.

Game seed: 1237172716281777392, levelgen mode: deterministic

123 Gargoyl the Skirmisher (level 4, -1/40 HPs)
             Began as a Centaur Abyssal Knight on Feb 28, 2020.
             Was a Believer of Lugonu.
             Killed by nerve-wracking pain
             ... invoked by Grinder
              (8 damage)
             ... on level 3 of the Dungeon.
             The game lasted 00:03:50 (2504 turns).

Gargoyl the Skirmisher (Centaur Abyssal Knight)     Turns: 2504, Time: 00:03:51

Health: -1/40      AC: 10    Str: 17 (19) XL:     4   Next: 79%
Magic:  5/5        EV:  3    Int: 10 (11) God:    Lugonu [**....]
Gold:   110        SH:  0    Dex:  8 (9)  Spells: 3/3 levels left

rFire    . . .     SeeInvis .   a - +1 hand axe
rCold    . . .     Gourm    .   (no shield)
rNeg     . . .     Faith    .   d - +2 plate armour
rPois    .         Spirit   .   (no helmet)
rElec    .         Reflect  .   (no cloak)
rCorr    .         Harm     .   (no gloves)
MR       .....                  (no barding)
Stlth    ..........             (no amulet)
HPRegen  0.13/turn              (no ring)
MPRegen  0.09/turn              m - +4 ring of strength

@: hasted, lightly drained, very quick
A: large, hooves 3, deformed body, speed 2, tough skin 3
a: Depart the Abyss, Bend Space, Renounce Religion


You were on level 3 of the Dungeon.
You worshipped Lugonu.
Lugonu was pleased with you.
You were not hungry.

You visited 1 branch of the dungeon, and saw 3 of its levels.
You visited the Abyss 1 time.

You collected 110 gold pieces.

Inventory:

Hand Weapons
 a - a +1 hand axe (weapon)
Armour
 d - a +2 plate armour (worn)
Jewellery
 m - a +4 ring of strength (right hand)
Scrolls
 b - a scroll of remove curse
 h - a scroll of immolation
 j - a scroll of fog
 k - 2 scrolls of teleportation
 l - a scroll of identify
Comestibles
 c - 6 rations


   Skills:
 + Level 3.9(3.5) Fighting
 + Level 2.6(2.2) Axes
 * Level 2.2(1.8) Armour
 * Level 1.2(0.8) Dodging
 * Level 2.6(2.2) Invocations


You had 3 spell levels left.
You didn't know any spells.
Your spell library was empty.

Dungeon Overview and Level Annotations

Branches:
Dungeon (3/15)

Altars:
Yredelemnul

Annotations:
D:3 Grinder


Innate Abilities, Weirdness & Mutations

You have hooves in place of feet.
Armour fits poorly on your strangely shaped body.
You cover ground very quickly.
You have extremely tough skin. (AC +3)


Message History

You hit Grinder. You kick Grinder.
Grinder is severely wounded.
Grinder gestures at you. You resist with significant effort.
You hit Grinder.
Grinder is severely wounded.
You hit Grinder. Your kick misses Grinder.
Grinder is severely wounded.
Grinder hits you.
You writhe in agony.
* * * LOW HITPOINT WARNING * * *
You hit Grinder.
Grinder is severely wounded.
Grinder gestures at you. Pain shoots through your body!
* * * LOW HITPOINT WARNING * * *
You hit Grinder. You kick Grinder!
Grinder is almost dead.
Grinder gestures at you. Pain shoots through your body!
You die...

#.. .. .. #.
#. #.## #..#
#.# ##.# #.#
#######@# #.#
.......5# #.#
.#
#######.###.#
.# #..##.# .#
#.....#####.#
##..........#
##.........+
#.........###
##..###.....#


You could see Grinder.

Vanquished Creatures
  2 gnolls (D:1)
  3 adders (D:2)
  A white imp (Abyss:2)
  A worm (D:2)
  2 dart slugs
  4 leopard geckos
  An orc (D:2)
  2 giant cockroaches
  5 goblins
  7 hobgoblins
  2 ball pythons
  13 bats
  3 frilled lizards (D:2)
  11 kobolds
  6 rats
63 creatures vanquished.

Vanquished Creatures (others)
  An ufetubus (Abyss:2)
1 creature vanquished.

Grand Total: 64 creatures vanquished

Notes
Turn   | Place    | Note
-------+----------+-------------------------------------------
     0 | Abyss:1  | Gargoyl the Centaur Abyssal Knight began the quest for the
                  | Orb.
     0 | Abyss:1  | Reached XP level 1. HP: 19/19 MP: 2/2
    36 | Abyss:2  | Noticed a revenant
    91 | Abyss:2  | Noticed a large abomination
   103 | Abyss:2  | Noticed a large abomination
   125 | Abyss:3  | Found a corrupted altar of Lugonu.
   135 | Abyss:3  | Noticed a golden eye
   135 | Abyss:3  | Noticed a large abomination
   149 | D:1      | Escaped the Abyss
   273 | D:1      | Reached XP level 2. HP: 6/26 MP: 3/3
   629 | D:1      | Reached * piety under Lugonu
   805 | D:1      | Reached XP level 3. HP: 30/31 MP: 4/4
  1230 | D:2      | Reached skill level 1 in Dodging
  1231 | D:2      | Reached ** piety under Lugonu
  1238 | D:2      | Reached XP level 4. HP: 25/40 MP: 5/5
  2153 | D:2      | Found a basalt altar of Yredelemnul.
  2474 | D:3      | Noticed Grinder
  2482 | D:3      | Paralysed by Grinder for 3 turns
  2504 | D:3      | Killed from afar by Grinder

Levels and vault maps discovered:
D:1:      heliophobic_arrival_battle_scene, layout_rooms, grunt_decor_arrowhead,
          solitary_fountain, patterned_corridor
D:2:      layout_loops_ring, lemuel_coloured_pillars_altar, first_ration
D:3:      layout_basic, palyth_stone_intersect, fedhas_altar_2, uniq_grinder

Skill      XL: |  1  2  3 |
---------------+----------+-----
Axes           | 2 |  2.6
Armour         | 2 |  2.2
Dodging        | 1 |  1.2
Fighting       | |  3.9
Invocations    | |  2.6

Action                   |  1- 3 |  4- 6 || total
-------------------------+-------+-------++-------
Melee: Hand axe          |    90 |    88 ||   178
       Kick              |    15 |    22 ||    37
Invok: Depart the Abyss  |     1 |       ||     1
  Use: Scroll            |     2 |     8 ||    10
       Potion            |       |     3 ||     3
  Eat: Chunk             |       |     4 ||     4
Armor: Plate armour      |   102 |    66 ||   168
Dodge: Dodged            |     4 |     7 ||    11

Table legend:
 A = Non-vault XP
 B = Vault XP
 C = Vault XP percentage of total XP
 D = Non-vault monster count
 E = Vault monster count
 F = Vault count percentage of total count
                 A         B        C        D         E       F
            +---------+---------+-------+---------+---------+-------
      Total |     176 |       0 |   0.0 |      63 |       0 |   0.0
            +---------+---------+-------+---------+---------+-------
        D:1 |      67 |       0 |   0.0 |      28 |       0 |   0.0
        D:2 |      93 |       0 |   0.0 |      31 |       0 |   0.0
        D:3 |       5 |       0 |   0.0 |       3 |       0 |   0.0
    Abyss:2 |      11 |       0 |   0.0 |       1 |       0 |   0.0
            +---------+---------+-------+---------+---------+-------
